 Dungeon Crawl Stone Soup version 0.30-a0-1094-g860fb061e7 (webtiles) character file.

Game seed: 31299984212741212

3425 fortdeath9 the Cleaver (level 9, 0/81 HPs)
             Began as a Minotaur Fighter on Apr 18, 2023.
             Was an Elder of Okawaru.
             Slain by an orc warrior
             ... wielding a +0 glaive
              (12 damage)
             ... in a bailey.
             The game lasted 00:28:04 (4921 turns).

fortdeath9 the Cleaver (Minotaur Fighter)           Turns: 4921, Time: 00:28:05

Health: 0/81       AC: 13    Str: 23    XL:     9   Next: 76%
Magic:  10/10      EV:  8    Int: 12    God:    Okawaru [****..]
Gold:   397        SH:  6    Dex: 15    Spells: 8/8 levels left

rFire   . . .      SeeInvis .    x - +2 broad axe of Doom {vamp, Fragile rC- Will+ Int+8}
rCold   x . .      Faith    .    c - +0 buckler
rNeg    . . .      Spirit   .    m - +0 chain mail
rPois   +          Reflect  .    (helmet restricted)
rElec   .          Rampage  .    G - +0 cloak
rCorr   +          Clarity  +    l - +0 pair of gloves
Will    +....                    (no boots) Stlth
                                 (no amulet)
HPRegen 0.33/turn                q - ring of resist corrosion
MPRegen 0.12/turn                t - ring of poison resistance

@: no status effects
A: horns 2, retaliatory headbutt, agile 1, clarity
a: Renounce Religion, Heroism, Finesse


You were in a bailey.
You worshipped Okawaru.
Okawaru was greatly pleased with you.
You visited 2 branches of the dungeon, and saw 8 of its levels.
You also visited: Bailey.

You collected 446 gold pieces.
You spent 49 gold pieces at shops.

Inventory:

Hand Weapons
 x - the +2 broad axe of Doom (weapon) {vamp, Fragile rC- Will+ Int+8}
   (You acquired it on level 4 of the Dungeon)

   Int:       It affects your intelligence (+8).
   rC:        It makes you vulnerable to cold.
   Fragile:   It will be destroyed if unequipped.
   Will:      It increases your willpower.
Missiles
 g - 28 boomerangs (quivered)
 h - 61 stones
 k - 6 javelins
Armour
 c - a +0 buckler (worn)
 l - a +0 pair of gloves (worn)
 m - a +0 chain mail (worn)
 G - a +0 cloak (worn)
Jewellery
 q - a ring of resist corrosion (left hand)
 t - a ring of poison resistance (right hand)
 w - a ring of ice
 D - an amulet of the acrobat
Scrolls
 a - a scroll of amnesia
 b - a scroll of brand weapon
 n - 4 scrolls of teleportation
 p - a scroll of acquirement
 r - a scroll of poison
 s - 2 scrolls of blinking
 u - 2 scrolls of fear
 v - a scroll of butterflies {unknown}
 y - 2 scrolls of magic mapping
 E - a scroll of vulnerability {unknown}
 F - a scroll of identify
 I - a scroll of noise {unknown}
Potions
 d - 4 potions of might
 e - a potion of mutation
 i - 2 potions of lignification {unknown}
 j - 3 potions of curing
 o - a potion of attraction {unknown}
 z - 2 potions of flight {unknown}
 A - 2 potions of ambrosia
 B - 3 potions of brilliance {unknown}
 C - a potion of degeneration {unknown}
 H - a potion of haste {unknown}
 J - a potion of resistance {unknown}
 K - 2 potions of magic {unknown}


   Skills:
 + Level 8.0 Fighting
 * Level 10.4 Axes
 + Level 8.0 Armour
 + Level 8.0 Shields
 + Level 3.9 Invocations


You had 8 spell levels left.
You didn't know any spells.
Your spell library contained the following spells:

 Spells                   Type           Power      Damage    Failure   Level
 Sublimation of Blood     Necr           0%         N/A       97%         2
 Wereblood                Tmut           0%         N/A       97%         2
 Summon Hydra             Summ           Unusable   N/A       N/A         7

Dungeon Overview and Level Annotations

Branches:
Dungeon (7/15)             Temple (1/1) D:5          Bailey (1/1)

Altars:
Cheibriados
Elyvilon
Gozag
Hepliaklqana
Kikubaaqudgha
Makhleb
Nemelex Xobeh
Okawaru
Sif Muna
Trog
Wu Jian
Xom
Zin

Shops:
D:2 [


Innate Abilities, Weirdness & Mutations

You have a pair of horns on your head.
You reflexively headbutt those who attack you in melee.
You are agile. (Dex +4, Str/Int -1)
You possess an exceptional clarity of mind.


Message History

The orc knight hits you but does no damage.
You slash the orc knight! You headbutt the orc knight!
The orc knight is almost dead.
The orc warrior hits you but does no damage.
The orc knight hits you with a +0 trident!
You barely miss the orc knight.
The orc knight is almost dead.
The orc warrior hits you from afar with a +0 glaive.
You block the orc knight's attack.
You hit the orc knight but do no damage.
You headbutt the orc knight.
The orc knight is almost dead.
The orc warrior closely misses you.
The orc knight hits you but does no damage.
The orc warrior barely misses you.
The orc knight roars a battlecry!
The orc warrior goes into a battle-frenzy!
You slash the orc knight!
You feel better.
You kill the orc knight!
Okawaru is honoured by your kill. The orc warrior barely misses you.
Your Fighting skill increases to level 8!
Your Armour skill increases to level 8!
Your Shields skill increases to level 8!
Found a scroll of enchant armour.
You block the orc warrior's attack.
You barely miss the orc warrior. Your headbutt misses the orc warrior.
You block the orc warrior's attack.
You slash the orc warrior!
You feel better.
You headbutt the orc warrior!
The orc warrior is almost dead.
The orc warrior hits you with a +0 glaive!!
* * * LOW HITPOINT WARNING * * *
You hit the orc warrior but do no damage.
The orc warrior is almost dead.
The orc warrior hits you with a +0 glaive!!
* * * LOW HITPOINT WARNING * * *
You feel better. You block the orc warrior's attack.
You barely miss the orc warrior.
The orc warrior is almost dead.
The orc warrior hits you with a +0 glaive!
You die...

#..#.#..#
#.......#
#.......#
#.......#
##.....##
#''')'#
##.).).##
#.......#
#...@...#
#...o...#
#.......#
#.......#
#.......#
#..???..#
#..??...#
#..?....#


You could see an orc warrior (strong).

Vanquished Creatures
  2 orc knights (Bailey)
  2 ice beasts
  6 orc warriors
  A sky beast (D:7)
  4 ogres
  A bullfrog (D:7)
  3 scorpions
  4 wights (D:7)
  3 killer bees
  A crimson imp (D:5)
  2 hounds (D:5)
  A gnoll bouda (D:6)
  2 orc priests
  2 jellies (D:6)
  4 iguanas
  Natasha (twice) (D:4)
  4 orc wizards
  4 gnolls (D:6)
  8 adders
  3 shadow imps
  An ufetubus (D:4)
  3 worms
  A dart slug (D:3)
  49 orcs
  11 endoplasms
  3 giant cockroaches
  9 goblins
  5 hobgoblins
  6 jackals
  A quokka (D:2)
  9 ball pythons
  3 bats
  4 frilled lizards
  6 kobolds
  5 rats
175 creatures vanquished.

Notes
Turn   | Place    | Note
-------+----------+-------------------------------------------
     0 | D:1      | fortdeath9 the Minotaur Fighter began the quest for the
                  | Orb.
     0 | D:1      | Reached XP level 1. HP: 19/19 MP: 0/0
   147 | D:1      | Reached XP level 2. HP: 25/27 MP: 1/1
   404 | D:1      | Reached skill level 3 in Axes
   604 | D:2      | Reached XP level 3. HP: 30/33 MP: 2/2
   641 | D:2      | Found Vuxinima's Armour Boutique.
   667 | D:2      | Bought a +0 chain mail for 49 gold pieces
   723 | D:2      | Found a faded altar of an unknown god.
   790 | D:2      | You fall into a shaft and drop 1 floor!
   966 | D:3      | Reached XP level 4. HP: 33/40 MP: 3/3
  1041 | D:3      | Reached skill level 4 in Axes
  1141 | D:3      | Reached XP level 5. HP: 39/47 MP: 4/4
  1960 | D:4      | Identified 2 scrolls of acquirement
  1962 | D:4      | Acquired the +2 broad axe of Doom {vamp, Fragile rC- Will+
                  | Int+8}
  2048 | D:4      | Reached skill level 5 in Axes
  2136 | D:4      | Reached XP level 6. HP: 55/55 MP: 5/5
  2209 | D:4      | Reached skill level 5 in Fighting
  2209 | D:4      | Reached skill level 5 in Armour
  2212 | D:4      | Reached skill level 5 in Shields
  2260 | D:4      | Noticed Natasha
  2272 | D:4      | Killed Natasha
  2376 | D:4      | Noticed Natasha
  2394 | D:4      | Killed Natasha
  2514 | D:5      | Entered Level 5 of the Dungeon
  2537 | D:5      | Noticed an ice beast
  2538 | D:5      | Found a burning altar of Makhleb.
  2538 | D:5      | Found a shimmering altar of Xom.
  2545 | D:5      | Killed an ice beast
  2546 | D:5      | Reached skill level 6 in Axes
  2547 | D:5      | Reached XP level 7. HP: 49/61 MP: 6/6
  2615 | D:5      | Found a staircase to the Ecumenical Temple.
  2737 | Temple   | Entered the Ecumenical Temple
  2747 | Temple   | Became a worshipper of Warmaster Okawaru
  2802 | D:5      | Identified the +1 leather armour of Mutualism {Dex+3}
  3132 | D:5      | Found a bloodstained altar of Trog.
  3135 | D:5      | Found an opulent altar of Gozag.
  3277 | D:6      | Reached skill level 7 in Axes
  3401 | D:6      | Reached * piety under Okawaru
  3407 | D:6      | Reached XP level 8. HP: 31/70 MP: 7/7
  3637 | D:6      | Reached skill level 1 in Invocations
  3655 | D:6      | Reached skill level 8 in Axes
  3742 | D:6      | Reached ** piety under Okawaru
  4164 | D:7      | Found an ornate altar of the Wu Jian Council.
  4171 | D:7      | Found a glowing silver altar of Zin.
  4179 | D:7      | Found a shimmering blue altar of Sif Muna.
  4265 | D:7      | Reached skill level 9 in Axes
  4265 | D:7      | Reached *** piety under Okawaru
  4266 | D:7      | Reached XP level 9. HP: 63/79 MP: 9/9
  4387 | D:7      | Noticed a +0 hand axe
  4387 | D:7      | Noticed a +0 hand axe
  4505 | D:7      | Found a flagged portal.
  4524 | Bailey   | Entered a bailey
  4697 | Bailey   | Gained mutation: Armour fits poorly on your strangely
                  | shaped body. [potion of mutation]
  4697 | Bailey   | Gained mutation: You are vulnerable to heat. (rF-) [potion
                  | of mutation]
  4697 | Bailey   | Gained mutation: You are robust. (+10% HP) [potion of
                  | mutation]
  4697 | Bailey   | Gained mutation: You have a pair of large horns on your
                  | head. [potion of mutation]
  4698 | Bailey   | Lost mutation: You are vulnerable to heat. (rF-) [potion of
                  | mutation]
  4698 | Bailey   | Lost mutation: You have a pair of large horns on your head.
                  | [potion of mutation]
  4698 | Bailey   | Lost mutation: You are robust. (+10% HP) [potion of
                  | mutation]
  4698 | Bailey   | Gained mutation: You are somewhat resistant to further
                  | mutation. [potion of mutation]
  4699 | Bailey   | Lost mutation: Armour fits poorly on your strangely shaped
                  | body. [potion of mutation]
  4699 | Bailey   | Lost mutation: You are somewhat resistant to further
                  | mutation. [potion of mutation]
  4699 | Bailey   | Gained mutation: You are agile. (Dex +4, Str/Int -1)
                  | [potion of mutation]
  4699 | Bailey   | Gained mutation: You possess an exceptional clarity of
                  | mind. [potion of mutation]
  4704 | Bailey   | Noticed an orc knight
  4736 | Bailey   | Killed an orc knight
  4736 | Bailey   | Reached **** piety under Okawaru
  4894 | Bailey   | Noticed an orc knight
  4902 | Bailey   | Reached skill level 10 in Axes
  4915 | Bailey   | Killed an orc knight
  4919 | Bailey   | HP: 2/81 [orc warrior/+0 glaive (19)]
  4921 | Bailey   | Slain by an orc warrior

Illustrated notes

Levels and vault maps discovered:
D:1:      saegor_arrival_fortress, layout_rooms
D:2:      layout_loops_ring, shapermc_ecumenical_altar_hornbeckon, serial_shops,
          nicolae_shop_tiny_waterfront, shop, shop
D:3:      layout_basic, minmay_quadrilaterals
D:4:      layout_basic, uniq_natasha
D:5:      layout_rooms, grunt_temple_overflow_champion_of_chaos,
          nicolae_overflow_hidden_temple, temple_fountains,
          kennysheep_generic_room_3
D:6:      layout_cave_pools
D:7:      layout_loops_ring, dancing_weapons_uskayaw,
          grunt_temple_overflow_diamond, enter_bailey_5
Temple:   eino_temple_water
Bailey:   bailey_polearm_5, bailey

Skill      XL: |  1  2  3  4  5  6  7  8  9 |
---------------+----------------------------+-----
Axes           | 3 4 5 6 7 9 10 | 10.4
Fighting       | 4 5 6 7 8 |  8.0
Shields        | 4 5 6 7 8 |  8.0
Armour         | 4 5 6 7 8 |  8.0
Invocations    | 2 3 |  3.9

Action                     |  1- 3 |  4- 6 |  7- 9 || total
---------------------------+-------+-------+-------++-------
  Melee: War axe           |    91 |    86 |       ||   177
         Headbutt          |     6 |    18 |    30 ||    54
         Broad axe         |       |    72 |   182 ||   254
  Throw: Stone             |     4 |       |       ||     4
         Boomerang         |     8 |    13 |    44 ||    65
    Use: Scroll            |     3 |     7 |     2 ||    12
         Potion            |       |       |    11 ||    11
 Armour: Scale mail        |    29 |       |       ||    29
         Chain mail        |    16 |    75 |   107 ||   198
  Dodge: Dodged            |    44 |    65 |    83 ||   192
  Block: Buckler           |    21 |    37 |    72 ||   130

Table legend: (Time is in decaauts)
 A = Elapsed time spent in this place.
 B = Non-inter-level travel time spent in this place.
 C = Inter-level travel time spent in this place.
 D = Time resting spent in this place.
 E = Time spent auto-exploring this place.
 F = Levels seen in this place.
 G = Mean time per level.
                   A        B        C        D        E       F      G
               +--------+--------+--------+--------+--------+-----+--------+
         Total |   5080 |   4993 |     87 |    933 |   2055 |   9 |  564.4 |
       Dungeon |   4650 |   4563 |     87 |    723 |   2055 |   7 |  664.3 |
        Temple |     20 |     20 |      0 |      0 |      0 |   1 |   20.0 |
        Bailey |    409 |    409 |      0 |    210 |      0 |   1 |  409.0 |
               +--------+--------+--------+--------+--------+-----+--------+

Top non-repeatable levels by time:
     D:3: 932 daAuts
     D:4: 857 daAuts
     D:6: 824 daAuts
     D:5: 746 daAuts
     D:1: 606 daAuts
     D:7: 463 daAuts
  Bailey: 409 daAuts
     D:2: 220 daAuts
  Temple: 20 daAuts
